 Dungeon Crawl Stone Soup version 0.14-a0-155-gd989017 (webtiles) character file.

516 Malachi the Vexing (level 6, -8/32 HPs)
             Began as a Gargoyle Enchanter on Oct 4, 2013.
             Killed from afar by Blork the orc (10 damage)
             ... with a puff of flame
             ... on Level 4 of the Dungeon.
             The game lasted 00:08:27 (4316 turns).

Malachi the Vexing (Gargoyle Enchanter)             Turns: 4316, Time: 00:08:28

HP  -8/32        AC  7     Str 11      XL: 6   Next: 34%
MP   2/9         EV 12     Int 18      God:
Gold 221         SH  0     Dex 10      Spells:  1 memorised,  5 levels left

Res.Fire  : . . .   See Invis. : .   a - +1 dagger
Res.Cold  : . . .   Warding    : .   b - +1 robe (curse)
Life Prot.: + . .   Conserve   : .   (no shield)
Res.Poison: +       Res.Corr.  : .   (no helmet)
Res.Elec. : +       Clarity    : .   (no cloak)
Sust.Abil.: . .     Spirit.Shd : .   (no gloves)
Res.Mut.  : .       Stasis     : .   (no boots)
Res.Rott. : +       Flight     : .   (no amulet)
Saprovore : . . .                    (no ring)
                                     (no ring)

@: very slightly contaminated, slightly resistant to hostile enchantments,
fairly stealthy
A: fangs 1, talons 2, life protection 1, electricity resistance, slow metabolism
1, unbreathing, petrification resistance, AC +4
a: no special abilities


You were on level 4 of the Dungeon.
You were hungry.

You visited 1 branch of the dungeon, and saw 4 of its levels.

You collected 201 gold pieces.

Inventory:

Hand weapons
 a - a +1,+1 dagger (weapon)
Missiles
 d - 12 darts (quivered)
Armour
 b - a cursed +1 robe (worn)
 o - a +0 robe
Magical devices
 n - a wand of polymorph (0)
Comestibles
 f - 4 bread rations
 q - a rotting chunk of worker ant flesh
 r - a rotting chunk of quokka flesh
 s - a rotting chunk of orc flesh
Scrolls
 g - a scroll of random uselessness {unknown}
 k - 3 scrolls of identify
 l - a scroll of fog
Jewellery
 p - an uncursed ring of ice
Potions
 e - a potion of magic {unknown}
 h - a potion of invisibility {unknown}
 i - 3 potions of curing
 j - 2 potions of heal wounds {unknown}
 m - a potion of confusion {unknown}
 t - a potion of berserk rage {unknown}
 v - 2 potions of restore abilities {unknown}
Books
 c - a book of Maledictions

   Spells                             Type                      Level
   Corona                             Hexes                        1
   Sure Blade                         Hexes/Charms                 2
   *Ensorcelled Hibernation           Hexes/Ice                    2
   Confuse                            Hexes                        3
   Enslavement                        Hexes                        4
   Invisibility                       Hexes                        6


   Skills:
 + Level 0.4 Fighting
 * Level 2.0 Short Blades
 + Level 1.0 Throwing
 + Level 3.0 Dodging
 + Level 3.8 Stealth
 - Level 1.2 Spellcasting
 + Level 4.2 Hexes


You had 5 spell levels left.
You knew the following spells:

 Your Spells              Type           Power        Failure   Level  Hunger
b - Ensorcelled Hibernat  Hex/Ice        #.....       14%         2    ###....


Dungeon Overview and Level Annotations

Branches:
Dungeon (4/27)
 Temple: D:4-7

Altars:
Nemelex Xobeh
Vehumet
Xom

Annotations:
D:4 Blork the orc


Innate Abilities, Weirdness & Mutations

You are resistant to torment.
You are immune to poison.
Your stone body is very resilient (AC +4).
You have very sharp teeth.
You have razor-sharp toenails.
You resist negative energy.
You are resistant to electric shocks.
You have a slow metabolism.
You can survive without breathing.
You are immune to petrification.


Message History

You hit Blork the orc.
Blork the orc is severely wounded.
Blork the orc casts a spell at you. The magic dart hits you!
Blork the orc hits you with a glowing battleaxe!
* * * LOW HITPOINT WARNING * * *
You are too injured to fight recklessly!
Evoke which item? (* to show all) (? for menu, Esc to quit)
Zapping:
n - a wand of polymorph {zapped: 3}
Press: ? - help, Shift-Dir - straight line, f/p - Blork the orc
Aim: Blork the orc, wielding a glowing battleaxe, wearing an orcish robe and carrying a wand of digging {zapped: 1} (severely wounded, moving very quickly) Nothing appears to happen.
Blork the orc barely misses you.
Evoke which item? (* to show all) (? for menu, Esc to quit)
Okay, then.
Blork the orc mumbles some strange words.
Blork the orc flickers and vanishes!
Deactivating autopickup; reactivate with Ctrl-A.
A puff of flame appears from out of thin air!
The puff of flame hits you!
You die...

#...#####..#.##.# .. #..
#.......# #... #.##.##.#
# ..## #.##.##.# ......#
#.......######## #...#..
####.###.......#
........#####.# #.####..#
#........##.###.####..##
##.....@.....(..........
....#..#......(..####..##
.....?.#..#.#.#........#
.......#..#.#.#%.....<##
#######..#...#)#######
#..##..#.# ........#)#
###.....).# ####.####


There were no monsters in sight!

Vanquished Creatures
  Sigmund (D:2)
  An orc priest (D:4)
  A hound (D:4)
  A scorpion (D:4)
  A worker ant (D:4)
  A gnoll (D:2)
  2 adders (D:2)
  An inept feature mimic (D:3)
  5 giant geckos
  7 orcs
  A ball python (D:1)
  5 giant cockroaches
  7 hobgoblins
  A quokka (D:4)
  7 bats
  A giant gecko skeleton (D:4)
  3 giant newts
  8 goblins
  10 kobolds
  10 rats
  A rat skeleton (D:4)
75 creatures vanquished.

Notes
Turn   | Place    | Note
--------------------------------------------------------------
     0 | D:1      | Malachi, the Gargoyle Enchanter, began the quest for the Orb.
     0 | D:1      | Reached XP level 1. HP: 10/10 MP: 3/3
    95 | D:1      | Reached skill level 3 in Hexes
   359 | D:1      | Reached XP level 2. HP: 15/15 MP: 4/4
   386 | D:1      | Learned a level 2 spell: Ensorcelled Hibernation
   821 | D:2      | Reached XP level 3. HP: 6/19 MP: 5/5
  1150 | D:2      | Found a radiant altar of Vehumet.
  1211 | D:2      | Noticed Sigmund
  1265 | D:2      | Killed Sigmund
  1265 | D:2      | Reached skill level 1 in Short Blades
  1265 | D:2      | Reached skill level 4 in Hexes
  1265 | D:2      | Reached XP level 4. HP: 12/24 MP: 4/7
  1508 | D:2      | Reached XP level 5. HP: 23/28 MP: 8/8
  2062 | D:2      | Found a shimmering altar of Xom.
  2666 | D:3      | Found a sparkling altar of Nemelex Xobeh.
  3712 | D:4      | Reached XP level 6. HP: 14/32 MP: 0/9
  4297 | D:4      | Noticed Blork the orc
  4316 | D:4      | Killed from afar by Blork the orc

Action                   |  1- 3 |  4- 6 || total
-------------------------+-------+-------++-------
Melee: Dagger            |    92 |   192 ||   284
       Unarmed           |     1 |       ||     1
 Cast: Ensorcelled Hiber |     4 |    13 ||    17
  Use: Potion            |     1 |       ||     1
       Scroll            |       |     8 ||     8
 Stab: Sleeping          |     5 |    12 ||    17
       Distracted        |       |     2 ||     2
